 Dungeon Crawl Stone Soup version 0.19.1 (webtiles) character file.

156 shmeve the Cudgeler (level 5, -2/53 HPs)
             Began as a Troll Berserker on Nov 28, 2016.
             Was a Believer of Trog.
             Slain by Fear's ghost (11 damage)
             ... on level 3 of the Dungeon on Nov 30, 2016.
             The game lasted 00:04:44 (1557 turns).

shmeve the Cudgeler (Troll Berserker)               Turns: 1557, Time: 00:04:44

Health: -2/53      AC:  5    Str: 25    XL:     5   Next: 15%
Magic:  4/4        EV: 10    Int:  3    God:    Trog [**....]
Gold:   152        SH:  0    Dex: 10    Spells: 0 memorised, 4 levels left

rFire  + . .     SeeInvis .     a - +0 mace
rCold  . . .     Gourm    +     b - +0 animal skin
rNeg   . . .     Faith    .     (no shield)
rPois  .         Spirit   .     (helmet restricted)
rElec  .         Reflect  .     (no cloak)
rCorr  .         Harm     .     (gloves unavailable)
MR     .....                    (boots unavailable)
Stlth  ..........               e - amulet of regeneration
                                h - ring of loudness (curse)
                                g - ring of protection from fire

@: exhausted, slowed, very slow
A: unfitting armour, claws 3, fast metabolism 3, gourmand, regeneration 1,
shaggy fur 1, tough skin 2
a: Berserk, Trog's Hand, Burn Spellbooks, Renounce Religion


You were on level 3 of the Dungeon.
You worshipped Trog.
Trog was pleased with you.
You were very full.

You visited 1 branch of the dungeon, and saw 3 of its levels.

You collected 152 gold pieces.

Inventory:

Hand Weapons
 a - a +0 mace (weapon)
Missiles
 n - 3 large rocks (quivered)
Armour
 b - a +0 animal skin (worn)
Jewellery
 e - an amulet of regeneration (around neck)
 g - a ring of protection from fire (left claw)
 h - a cursed ring of loudness (right claw)
Scrolls
 f - a scroll of teleportation {unknown}
 i - a scroll of remove curse {unknown}
 l - a scroll of identify {unknown}
 o - a scroll of amnesia {unknown}
Potions
 j - 3 potions of magic {unknown}
 k - a potion of agility {unknown}
 m - 2 potions of cure mutation {unknown}
Comestibles
 c - 2 bread rations
 d - 3 meat rations
 p - 4 chunks of flesh


   Skills:
 * Level 3.3 Fighting
 * Level 3.5 Maces & Flails
 + Level 1.2 Throwing
 * Level 3.3 Dodging


You had 4 spell levels left.
You didn't know any spells.

Dungeon Overview and Level Annotations

Branches:
Dungeon (3/15)

Altars:
Gozag

Annotations:
D:3 Fear's ghost, amateur HOMo


Innate Abilities, Weirdness & Mutations

You are too large for most types of armour.
You have claws for hands.
Your metabolism is lightning-fast.
You like to eat raw meat.
Your natural rate of healing is unusually fast.
You are covered in fur. (AC +1)
You have very tough skin. (AC +2)


Message History

The quokka closely misses you.
Fear's ghost hits you but does no damage.
The quokka bites you but does no damage.
You closely miss the quokka.
The quokka is severely wounded.
The quokka barely misses you. Fear's ghost barely misses you.
The quokka bites you but does no damage.
Fear's ghost hits you.
* * * LOW HITPOINT WARNING * * *
The quokka bites you but does no damage.
You barely miss the quokka.
The quokka is severely wounded.
Fear's ghost hits you but does no damage.
The quokka barely misses you. Fear's ghost closely misses you.
The quokka bites you but does no damage.
You sock the quokka!
You kill the quokka!
Trog accepts your kill. Fear's ghost barely misses you. Fear's ghost hits you!
You die...

#...##.###.#..#
#...##.# #.##(##
.# .. ######..
#.....# .####..
### #####.#
.......
#(#####.##.......
........)#.....
#.....).)#...
..<.....)#W#
..######.@.# .
#......#
#.......#
#......$#
#.......#
#...>...+
#......##
########


You could see Fear's ghost.

Vanquished Creatures
  An orc priest (D:3)
  A worker ant (D:3)
  3 adders
  5 dart slugs
  3 leopard geckos
  4 orcs (D:3)
  A ball python (D:1)
  A giant cockroach (D:2)
  4 goblins
  4 hobgoblins
  10 jackals
  6 kobolds
  2 quokkas
  4 bats
  4 frilled lizards
  5 rats
58 creatures vanquished.

Notes
Turn   | Place    | Note
-------+----------+-------------------------------------------
     0 | D:1      | shmeve the Troll Berserker began the quest for the Orb.
     0 | D:1      | Reached XP level 1. HP: 22/22 MP: 0/0
   122 | D:1      | Reached XP level 2. HP: 29/29 MP: 1/1
   518 | D:1      | Reached XP level 3. HP: 34/36 MP: 2/2
   632 | D:1      | Reached skill level 1 in Throwing
   815 | D:2      | Reached ** piety under Trog
   947 | D:2      | Found an opulent altar of Gozag.
  1073 | D:2      | Reached XP level 4. HP: 42/45 MP: 3/3
  1538 | D:3      | Reached XP level 5. HP: 28/53 MP: 4/4
  1551 | D:3      | Noticed Fear's ghost (amateur HOMo)
  1557 | D:3      | Slain by Fear's ghost

Skill      XL: |  1  2  3  4 |
---------------+-------------+-----
Throwing       | 1 |  1.2
Maces & Flails | 3 |  3.5
Fighting       | 3 |  3.3
Dodging        | 3 |  3.3

Action                   |  1- 3 |  4- 6 || total
-------------------------+-------+-------++-------
Melee: Mace              |   140 |    58 ||   198
Invok: Berserk           |       |     1 ||     1
 Stab: Sleeping          |     2 |       ||     2
  Eat: Chunk             |    15 |     5 ||    20
Armor: Animal skin       |    70 |    37 ||   107
Dodge: Dodged            |   102 |    51 ||   153
